Map: Flooded City

Players

Elrae - Winner!

  • Race: Protoss Protoss
  • Spawn Location: 6:00

baleeet - Winner!

  • Race: Terran Terran
  • Spawn Location: 6:00

VOD

Have the link to the VOD?

Description

Time

  • Played on: July 25, 2018, 9:51 p.m.
  • Length: 10:34
Show
View Real Time Build Order
Export as new Build Order

Elrae Protoss - Winner!

Build Orders:  

Get SALT Encoding   

  12  0:06  Probe (Chrono Boost)  
  13  0:22  Probe (Chrono Boost)  
  14  0:30  Pylon  
  14  0:39  Probe (Chrono Boost)  
  15  0:56  Gateway  
  15  0:57  Probe (Chrono Boost)  
  16  1:14  Probe (Chrono Boost)  
  17  1:24  Gateway  
  18  1:31  Probe (Chrono Boost)  
  18  1:34  Assimilator  
  18  1:56  Probe (Chrono Boost)  
  18  1:59  Assimilator  
  19  2:05  Cybernetics Core  
  19  2:13  Probe (Chrono Boost)  
  20  2:21  Pylon  
  21  2:30  Probe (Chrono Boost)  
  21  2:37  Zealot  
  23  2:49  Probe (Chrono Boost)  
  24  2:50  Zealot  
  26  3:35  Stalker x2  
  30  3:45  Robotics Facility  
  30  3:49  Pylon  
  30  3:54  Warp Gate  
  30  3:59  Pylon  
  30  4:04  Pylon  
  30  4:50  Robotics Facility  
  30  4:55  Robotics Bay  
  30  4:59  Gateway  
  30  5:06  Gateway  
  30  5:34  Observer  
  31  5:53  Stalker x2  
  35  6:01  Observer  
  36  6:24  Forge  
  36  6:31  Forge  
  36  6:38  Pylon  
  36  6:40  Forge  
  36  7:31  Observer  
  36  7:32  Observer  
  36  7:37  Extended Thermal Lance  
  38  7:57  Nexus  
  38  7:59  Pylon  
  38  8:00  Pylon  
  38  8:31  Stalker x3  
  38  8:34  Stalker  
Show
View Real Time Build Order
Export as new Build Order

baleeet Terran - Winner!

Build Orders:  

Get SALT Encoding   

  12  0:03  SCV  
  13  0:20  SCV  
  14  0:44  Supply Depot  
  14  0:46  SCV  
  15  1:14  SCV  
  16  1:26  Barracks  
  16  1:31  SCV  
  17  2:33  SCV  
  17  2:36  Refinery  
  18  2:46  Marine  
  18  2:49  SCV  
  20  3:11  Marine  
  21  3:26  SCV  
  22  3:36  Marine  
  23  3:50  Refinery  
  23  4:17  Supply Depot  
  23  4:47  SCV, Marine  
  25  4:54  Supply Depot  
  25  5:04  SCV  
  26  5:12  Marine  
  27  5:29  Barracks  
  27  5:37  Marine  
  27  5:38  SCV  
  29  6:02  Marine  
  30  6:36  Barracks Tech Lab  
  30  6:52  Supply Depot  
  30  7:11  Marauder  
  30  7:18  Marine  
  33  7:41  Marauder  
  33  7:43  Marine  
  36  7:50  Command Center  
  36  8:08  Marine  
  37  8:11  Marauder  
  39  8:33  Marine  
  40  8:41  Marauder  
  42  9:11  Marauder  
  44  10:09  SCV  
  44  10:16  Supply Depot  
Tags
 
Add a new tag
Caveats
  • Supply blocks, unpowered buildings, or Contaminate may cause inaccurate times.
  • Supply counts are checked every 10 seconds.